[Event "Team 45 45 League T34"]
[Site "Internet Chess Club"]
[Date "2007.08.26"]
[Round "6"]
[White "GoIrish"]
[Black "nanning"]
[Result "1-0"]
[WhiteElo "1565"]
[BlackElo "1540"]
[Opening "English: Caro-Kann defensive system"]
[ECO "A11"]
[Time "05:56:11"]
[TimeControl "2700+45"]

1. c4 c6 2. g3 Nf6 3. Bg2 d5 4. Nf3 a6 5. O-O Nbd7 6. b3 b5 7. Nc3 b4 8. Na4 e6
9. d4 Bd6 10. Bg5 h6 11. Bd2 Rb8 12. Nb2 O-O 13. c5 Bc7 14. Nd3 a5 15. Qc2 Ba6
16. Rae1 Ne4 17. e3 Ndf6 18. Nfe5 Bxe5 19. Nxe5 Qe8 20. Nd3 Nxd2 21. Qxd2 Ne4
22. Qc2 Rb7 23. f3 Nc3 24. a4 Qb8 25. Rf2 f6 26. Bh3 Re7 27. Nf4 Qe8 28. Ng6 f5
29. Nxe7+ Qxe7 30. Bf1 Bc8 31. e4 fxe4 32. fxe4 Nxe4 33. Rxf8+ Qxf8 34. Bd3 Ng5
35. Rf1 Qe7 36. h4 Nf7 37. Bg6 Nh8 {Black resigns} 1-0

[Event "Team 45 45 League T34"]
[Site "Internet Chess Club"]
[Date "2007.08.27"]
[Round "6"]
[White "Boromir"]
[Black "cascarillo"]
[Result "1/2-1/2"]
[WhiteElo "1932"]
[BlackElo "2044"]
[Opening "English: Symmetrical, Keres defense"]
[ECO "A05"]
[Time "15:25:05"]
[TimeControl "2700+45"]

1. Nf3 Nf6 2. c4 e6 3. Nc3 c5 4. g3 d5 5. cxd5 Nxd5 6. Bg2 Nc6 7. O-O Be7 8. d4
cxd4 9. Nxd4 Nxd4 10. Qxd4 Bf6 11. Qc4 Nxc3 12. bxc3 O-O 13. Be3 {Game drawn by
mutual agreement} 1/2-1/2

[Event "Team 45 45 League T34"]
[Site "Internet Chess Club"]
[Date "2007.08.27"]
[Round "6"]
[White "Amauta"]
[Black "MrShaw"]
[Result "1-0"]
[WhiteElo "2006"]
[BlackElo "1856"]
[Opening "Pirc defense"]
[ECO "B07"]
[Time "11:08:31"]
[TimeControl "2700+45"]

1. e4 d6 2. d4 Nf6 3. Bd3 g6 4. Ne2 Bg7 5. c3 O-O 6. O-O e5 7. Bg5 h6 8. Be3 Ng4
9. Bd2 Nd7 10. f3 Ngf6 11. Qc1 Kh7 12. f4 exf4 13. Bxf4 b6 14. Qc2 Bb7 15. Ng3
Qe7 16. Nd2 Rae8 17. Rae1 Kh8 18. Qa4 a6 19. Bb1 h5 20. Bg5 Qe6 21. h3 Nh7 22.
d5 Nc5 23. Qc2 Qc8 24. Bh4 Nd7 25. Nxh5 Bh6 26. Nf4 Ne5 27. Nd3 Bg5 28. Bxg5
Nxg5 29. Nxe5 Rxe5 30. Nc4 Ree8 31. Qf2 b5 32. Qf6+ Kh7 33. Na5 Nxh3+ 34. gxh3
Qxh3 35. Re2 Qg3+ 36. Rg2 Qe3+ 37. Kh1 Re5 38. Rh2+ Rh5 39. Rxh5+ gxh5 40. e5+
{Black resigns} 1-0

[Event "Team 45 45 League T34"]
[Site "Internet Chess Club"]
[Date "2007.08.26"]
[Round "6"]
[White "Mississippian"]
[Black "JeCrainsDegun"]
[Result "0-1"]
[WhiteElo "1357"]
[BlackElo "1674"]
[Opening "Réti: King's Indian attack"]
[ECO "A05"]
[Time "11:00:55"]
[TimeControl "2700+45"]

1. Nf3 Nf6 2. g3 g6 3. Bg2 Bg7 4. d3 d6 5. O-O O-O 6. Nbd2 e5 7. e4 Nc6 8. c3
Bd7 9. Re1 Qc8 10. Nf1 h6 11. d4 Kh7 12. d5 Ne7 13. Qc2 Nh5 14. Qd2 f5 15. Ng5+
hxg5 16. Qxg5 Ng8 17. Bf3 Bh6 18. Qh4 Qd8 19. Qh3 Bxc1 20. Raxc1 Qg5 21. Ne3 Kg7
22. Kh1 Rad8 23. exf5 Bxf5 24. Nxf5+ Qxf5 25. Qxf5 Rxf5 26. Be4 Rxf2 27. Rb1
Ngf6 28. Bg2 Rf8 29. Bh3 Nh7 30. Kg1 R2f6 31. Be6 Ng5 32. Bg4 Nf3+ 33. Bxf3 Rxf3
34. g4 Nf4 35. c4 Rh8 36. Rf1 Rxf1+ 37. Rxf1 Kf6 38. Rf3 Kg5 39. Ra3 a6 40. b4
Rh3 41. Ra5 Rc3 42. c5 dxc5 43. bxc5 c6 44. d6 Rd3 45. Kf2 Kxg4 46. Ra4 Kf5 47.
Rc4 Ne6 48. Ke2 Rd5 49. Ke3 Rxc5 50. Rxc5 Nxc5 51. a3 Ke6 52. d7 Nxd7 53. Ke4
Nf6+ 54. Kf3 Kf5 55. h3 g5 56. a4 b6 {White resigns} 0-1

[Event "Team 45 45 League T34"]
[Site "Internet Chess Club"]
[Date "2007.08.27"]
[Round "6"]
[White "gracey"]
[Black "reinaroja"]
[Result "0-1"]
[WhiteElo "2140"]
[BlackElo "2174"]
[Opening "Van't Kruijs opening"]
[ECO "A00"]
[Time "15:03:03"]
[TimeControl "2700+45"]

1. e3 e5 2. d3 d5 3. b3 Bb4+ 4. Bd2 a5 5. Nf3 Nc6 6. c3 Bd6 7. e4 Nf6 8. exd5
Nxd5 9. c4 Nf4 10. Bxf4 exf4 11. Qe2+ Kf8 12. Nbd2 Qf6 13. Rb1 Bf5 14. Rc1 Bb4
15. Kd1 Re8 16. Ne4 Bxe4 17. dxe4 Rd8+ 18. Kc2 Ba3 19. Kb1 Bxc1 20. e5 Qe7 21.
Kxc1 Qa3+ 22. Kb1 Nb4 23. e6 fxe6 24. Ng5 Nxa2 25. Nxe6+ Kg8 26. Nxd8 Nc3+ 27.
Kc2 Nxe2 28. Bxe2 Qe7 29. Bf3 Qxd8 30. Rd1 Qf6 31. Bxb7 g6 32. Rd7 Qf5+ 33. Rd3
Kg7 34. Kd2 Rb8 35. Bf3 a4 36. bxa4 Rb2+ 37. Kc3 Qe5+ 38. Rd4 Rxf2 39. c5 {White
resigns} 0-1

[Event "Team 45 45 League T34"]
[Site "Internet Chess Club"]
[Date "2007.08.26"]
[Round "6"]
[White "AlexeiD"]
[Black "Ecalevol"]
[Result "1-0"]
[WhiteElo "2067"]
[BlackElo "1930"]
[Opening "Vienna game"]
[ECO "C26"]
[Time "11:00:19"]
[TimeControl "2700+45"]

1. e4 e5 2. Nc3 Nf6 3. Bc4 Bb4 4. Nge2 c6 5. O-O d5 6. exd5 cxd5 7. Bb5+ Nc6 8.
d4 e4 9. Bg5 Bg4 10. Bxf6 gxf6 11. h3 Bh5 12. Qd2 Bxe2 13. Qxe2 O-O 14. Bxc6
bxc6 15. Qh5 Bxc3 16. bxc3 Qd7 17. Rae1 Kh8 18. f3 f5 19. fxe4 fxe4 20. Qe5+ f6
21. Rxf6 Rxf6 22. Qxf6+ Qg7 23. Qxc6 Rg8 24. Re2 Qg5 25. Rf2 Qc1+ 26. Kh2 e3 27.
Rf4 e2 28. Qf6+ Rg7 29. Rg4 Qg1+ 30. Kxg1 e1=Q+ 31. Kh2 Qe7 32. Qxg7+ Qxg7 33.
Rxg7 Kxg7 34. Kg3 {Black resigns} 1-0

[Event "Team 45 45 League T34"]
[Site "Internet Chess Club"]
[Date "2007.08.26"]
[Round "6"]
[White "morgado"]
[Black "Klampin"]
[Result "1-0"]
[WhiteElo "2014"]
[BlackElo "1996"]
[Opening "Benko's opening"]
[ECO "A00"]
[Time "07:03:19"]
[TimeControl "2700+45"]

1. g3 d5 2. Bg2 Nf6 3. c4 c6 4. cxd5 cxd5 5. Nf3 Nc6 6. O-O e5 7. d3 Bg4 8. Bg5
Be7 9. Nc3 O-O 10. Qb3 Na5 11. Qa4 Bd7 12. Qd1 d4 13. Bxf6 Bxf6 14. Nd5 Be6 15.
Nxf6+ Qxf6 16. Rc1 Nc6 17. Qa4 Qe7 18. a3 a6 19. b4 b5 20. Qc2 Rac8 21. Qc5 f6
22. Nd2 Bd7 23. Nb3 Be6 24. Bxc6 Qxc5 25. Rxc5 Bxb3 26. Rfc1 Rcd8 27. Bb7 Rd6
28. Rc7 Rf7 29. Rxf7 Kxf7 30. Rc7+ Kg6 31. Rc6 Rxc6 32. Bxc6 f5 33. Bb7 Ba4 34.
f4 Kf6 35. Kf2 g5 36. e3 h6 37. Bxa6 gxf4 38. gxf4 h5 39. exd4 exd4 40. Bc8 Bc2
41. Ke2 Bb3 42. Bd7 Ba4 43. Kf2 Kg6 44. Kg3 Kf6 45. Kh3 Ke7 46. Bxf5 Kf6 47. Be4
Bd1 48. Bc6 Ba4 49. Kg3 Ke7 50. Kf3 Kd6 51. Ba8 {Black resigns} 1-0

[Event "Team 45 45 League T34"]
[Site "Internet Chess Club"]
[Date "2007.08.26"]
[Round "6"]
[White "RingLord"]
[Black "Socraticchess"]
[Result "0-1"]
[WhiteElo "1522"]
[BlackElo "1768"]
[Opening "Vienna game"]
[ECO "C25"]
[Time "20:59:02"]
[TimeControl "2700+45"]

1. e4 e5 2. Nc3 f5 3. exf5 Nf6 4. d4 exd4 5. Qxd4 Nc6 6. Qe3+ Be7 7. Bd2 d5 8.
Qg3 Kf7 9. Nf3 Bxf5 10. Ng5+ Kg8 11. Bd3 Bxd3 12. cxd3 Bd6 13. f4 Qe7+ 14. Kf2
Bc5+ 15. Kf1 Nd4 16. Re1 Qd7 17. Nf3 Nxf3 18. Qxf3 Kf7 19. Re5 c6 20. g3 Bd4 21.
Kg2 Rhe8 22. Rhe1 Kg8 23. R5e2 Rxe2+ 24. Rxe2 Re8 25. b3 Rxe2+ 26. Nxe2 Bb6 27.
Bc3 d4 28. Bd2 Qd5 29. g4 Nxg4 30. Qxd5+ cxd5 31. Bc1 Kf7 32. Ng3 g6 33. Nf1 Kf6
34. Kf3 Nh6 35. Ng3 Nf5 36. Nxf5 Kxf5 37. Bb2 Bc7 38. Bc1 g5 39. fxg5 Bxh2 40.
a4 Bg1 41. Bd2 Be3 42. Bxe3 dxe3 43. Kxe3 Kxg5 44. Kf3 h5 45. Kg3 h4+ {White
resigns} 0-1

[Event "Team 45 45 League T34"]
[Site "Internet Chess Club"]
[Date "2007.08.26"]
[Round "6"]
[White "mdeluca"]
[Black "jonesey"]
[Result "1/2-1/2"]
[WhiteElo "1885"]
[BlackElo "2013"]
[Opening "Grünfeld with Bf4 & e3"]
[ECO "D93"]
[Time "07:56:59"]
[TimeControl "2700+45"]

1. d4 Nf6 2. c4 g6 3. Nc3 Bg7 4. Nf3 d5 5. Bf4 O-O 6. e3 c6 7. Rc1 Bg4 8. h3
Bxf3 9. Qxf3 Nbd7 10. cxd5 cxd5 11. Nxd5 Qa5+ 12. Nc3 e5 13. dxe5 Nxe5 14. Bxe5
Qxe5 15. Be2 Rad8 16. O-O Rd2 17. Rfd1 Rxb2 18. Bf1 Rc8 19. Nb5 Rxc1 20. Rxc1
Rxb5 21. Rc8+ Bf8 22. Bxb5 Qa1+ 23. Kh2 Qe5+ 24. Kg1 Ne4 25. Bd3 Nd6 26. Rc1 Qb2
27. Qd1 a6 28. a4 b5 29. axb5 axb5 30. Rb1 Qe5 31. Qb3 h5 32. Bxb5 Ne4 33. Qb2
Nc3 34. Bd3 Bd6 35. g3 {Game drawn by mutual agreement} 1/2-1/2

[Event "Team 45 45 League T34"]
[Site "Internet Chess Club"]
[Date "2007.08.25"]
[Round "6"]
[White "MiroslavR"]
[Black "Flying-Tiger"]
[Result "0-1"]
[WhiteElo "1985"]
[BlackElo "1983"]
[Opening "King's Indian: 6.Be2"]
[ECO "E91"]
[Time "08:07:40"]
[TimeControl "2700+45"]

1. d4 Nf6 2. c4 g6 3. Nc3 Bg7 4. e4 d6 5. Nf3 O-O 6. Be2 c5 7. d5 Bg4 8. O-O
Nbd7 9. h3 Bxf3 10. Bxf3 a6 11. a4 Rb8 12. Be2 Re8 13. f4 e6 14. Qc2 exd5 15.
cxd5 Qb6 16. a5 Qc7 17. Bf3 c4 18. Be3 Nc5 19. Bxc5 Qxc5+ 20. Kh2 Nd7 21. Rfe1
Qc7 22. Be2 Re7 23. Red1 Rbe8 24. e5 Nxe5 25. f5 Nd7 26. fxg6 hxg6 27. Bf1 Qc5
28. Ra4 Bxc3 29. Qxc3 Qf2 30. Rxc4 Nc5 31. Qg3 Qf6 32. Bd3 Re3 33. Qg4 Nxd3
{White forfeits on time} 0-1

[Event "Team 45 45 League T34"]
[Site "Internet Chess Club"]
[Date "2007.08.23"]
[Round "6"]
[White "ChicoKid"]
[Black "Qui"]
[Result "1-0"]
[WhiteElo "1947"]
[BlackElo "1898"]
[Opening "Sicilian: accelerated fianchetto, Maróczy bind, 6.Be3"]
[ECO "B38"]
[Time "15:00:22"]
[TimeControl "2700+45"]

1. Nf3 g6 2. c4 c5 3. e4 Bg7 4. d4 cxd4 5. Nxd4 Nc6 6. Be3 d6 7. Be2 Nf6 8. Nc3
O-O 9. O-O Bd7 10. Qd2 b6 11. Rad1 Rc8 12. b3 Re8 13. f3 Rb8 14. Nxc6 Bxc6 15.
Bd4 Qc7 16. Nd5 Nxd5 17. cxd5 Bxd4+ 18. Qxd4 Bb7 19. Rc1 Qd7 20. a4 a6 21. Qxb6
Bxd5 22. Qxa6 Ra8 23. Qd3 Be6 24. Qe3 Reb8 25. Bb5 Qa7 26. Qxa7 Rxa7 27. Rc3 Kg7
28. Rfc1 Kf6 29. b4 Rab7 30. Kf2 d5 31. exd5 Bxd5 32. Bc6 Rxb4 33. Bxd5 Rxa4 34.
R1c2 Rab4 35. Be4 Rb2 36. h4 Rxc2+ 37. Rxc2 h5 38. Rc6+ e6 39. Ke3 Rb3+ 40. Kf4
Rb2 41. g4 hxg4 42. fxg4 Kg7 43. Rc7 Rb5 44. Rd7 Rc5 45. Bd3 Ra5 46. g5 Ra4+ 47.
Be4 Ra5 48. h5 e5+ 49. Kg4 gxh5+ 50. Kxh5 Kf8 51. Kg4 Ra1 52. Kf5 Rf1+ 53. Kxe5
Rg1 54. Kf6 Ke8 55. Rd6 Rf1+ 56. Bf5 Rf2 57. Rc6 {Black resigns} 1-0

[Event "Team 45 45 League T34"]
[Site "Internet Chess Club"]
[Date "2007.08.24"]
[Round "6"]
[White "Fegary"]
[Black "corsair"]
[Result "1-0"]
[WhiteElo "1783"]
[BlackElo "1751"]
[Opening "Ruy Lopez: open, St. Petersburg variation"]
[ECO "C82"]
[Time "15:01:24"]
[TimeControl "2700+45"]

1. e4 e5 2. Nf3 Nc6 3. Bb5 a6 4. Ba4 Nf6 5. O-O Nxe4 6. d4 b5 7. Bb3 d5 8. dxe5
Be6 9. c3 Bc5 10. Nbd2 O-O 11. Bc2 Bf5 12. Nb3 Bg6 13. Nxc5 Nxc5 14. Bxg6 fxg6
15. Be3 Ne4 16. Nd4 Nxd4 17. cxd4 Qe7 18. Rc1 c5 19. f3 cxd4 20. Qxd4 Ng5 21.
Qxd5+ Ne6 22. Qd6 Qxd6 23. exd6 Rfd8 24. Rfd1 Rd7 25. Rc6 Kf7 26. b3 Nd8 27. Rc7
Ke6 28. Bg5 Nf7 29. Re1+ {Black resigns} 1-0

[Event "Team 45 45 League T34"]
[Site "Internet Chess Club"]
[Date "2007.08.26"]
[Round "6"]
[White "parrot9"]
[Black "C-Jones"]
[Result "1/2-1/2"]
[WhiteElo "1691"]
[BlackElo "1597"]
[Opening "Ruy Lopez: classical (Cordel) defense"]
[ECO "C64"]
[Time "13:30:34"]
[TimeControl "2700+45"]

1. e4 e5 2. Nf3 Nc6 3. Bb5 Bc5 4. O-O d6 5. h3 Bd7 6. c3 Nf6 7. Re1 O-O 8. d4
exd4 9. Bxc6 Bxc6 10. Bg5 dxc3 11. Nxc3 h6 12. Bh4 Re8 13. Nd4 Bxd4 14. Qxd4 Re6
15. Nd5 Bxd5 16. exd5 Rxe1+ 17. Rxe1 g5 18. Bg3 Nh5 19. Qg4 Nxg3 20. Qxg3 Qd7
21. h4 Qf5 22. hxg5 Qxg5 23. Qb3 b6 24. Re3 Kf8 25. Qc3 Rc8 26. Qh8+ Qg8 27.
Qxh6+ Qg7 28. Qh3 Re8 29. Rxe8+ Kxe8 30. Qc8+ Ke7 31. Qxc7+ Ke8 32. Qc8+ Ke7 33.
Qc7+ Ke8 34. Qxd6 Qxb2 35. Qb8+ Ke7 36. Qc7+ Ke8 37. Qc8+ {Game drawn by mutual
agreement} 1/2-1/2

[Event "Team 45 45 League T34"]
[Site "Internet Chess Club"]
[Date "2007.09.02"]
[Round "6"]
[White "lw"]
[Black "OldBoy"]
[Result "0-1"]
[WhiteElo "1502"]
[BlackElo "1640"]
[Opening "Two knights defense (Modern bishop's opening)"]
[ECO "C24"]
[Time "12:00:55"]
[TimeControl "2700+45"]

1. e4 e5 2. Bc4 Nf6 3. d3 Nc6 4. Nf3 Be7 5. Nc3 d6 6. Ng5 O-O 7. Nxf7 Rxf7 8.
Bxf7+ Kxf7 9. Nd5 Be6 10. Nxf6 Bxf6 11. Qh5+ Kg8 12. h4 Qd7 13. f3 Qf7 14. Qxf7+
Kxf7 15. c3 Ne7 16. Bg5 h6 17. Bxf6 gxf6 18. b3 Rg8 19. g4 Ng6 20. Kd2 Nf4 21.
Rag1 d5 22. Ke3 dxe4 23. dxe4 Rd8 24. Rd1 Rd6 25. Rd2 Ke7 26. c4 Bf7 27. Rxd6
cxd6 28. h5 b6 29. Rh2 Kd7 30. Kd2 Kc6 31. Kc3 b5 32. cxb5+ Kxb5 33. a3 d5 34.
exd5 Bxd5 35. Rf2 Ne6 36. b4 Ka4 37. Rf1 Nd4 38. f4 Ne2+ 39. Kb2 Nxf4 40. Rd1
Kb5 41. Rd2 a5 42. bxa5 Kxa5 43. Kc3 Ka4 44. Rb2 Bf3 45. Rb6 Nd5+ {White
resigns} 0-1

[Event "Team 45 45 League T34"]
[Site "Internet Chess Club"]
[Date "2007.08.25"]
[Round "6"]
[White "rkaebi"]
[Black "Mississippian"]
[Result "1-0"]
[WhiteElo "1420"]
[BlackElo "1362"]
[Opening "Ruy Lopez: closed, 7...O-O"]
[ECO "C88"]
[Time "12:01:39"]
[TimeControl "2700+45"]

1. e4 e5 2. Nf3 Nc6 3. Bb5 a6 4. Ba4 Nf6 5. O-O Be7 6. Re1 b5 7. Bb3 O-O 8. d4
Nxd4 9. Nxd4 exd4 10. Qxd4 c5 11. Qe3 c4 12. e5 Nd5 13. Qg3 Re8 14. Bh6 g6 15.
Bxc4 bxc4 16. Nc3 Bb7 17. Rad1 Qa5 18. e6 dxe6 19. Qe5 Bf6 20. Rxd5 Bxd5 21.
Qxf6 {Black resigns} 1-0

[Event "Team 45 45 League T34"]
[Site "Internet Chess Club"]
[Date "2007.08.27"]
[Round "6"]
[White "Sota"]
[Black "Vincenzo76"]
[Result "1-0"]
[WhiteElo "1701"]
[BlackElo "1589"]
[Opening "King's Indian: East Indian defense"]
[ECO "A48"]
[Time "19:59:07"]
[TimeControl "2700+45"]

1. d4 Nf6 2. Nf3 g6 3. Nc3 Bg7 4. Bf4 d6 5. Qd2 O-O 6. e4 Nbd7 7. Bh6 Re8 8.
Bxg7 Kxg7 9. e5 dxe5 10. dxe5 Ng8 11. O-O-O f6 12. e6 b6 13. exd7 {Black
resigns} 1-0

[Event "Team 45 45 League T34"]
[Site "Internet Chess Club"]
[Date "2007.08.27"]
[Round "6"]
[White "AlPearson"]
[Black "Sleete"]
[Result "0-1"]
[WhiteElo "1476"]
[BlackElo "1824"]
[Opening "Ruy Lopez: exchange variation, 5.O-O"]
[ECO "C68"]
[Time "13:09:18"]
[TimeControl "2700+45"]

1. e4 e5 2. Nf3 Nc6 3. Bb5 a6 4. Bxc6 dxc6 5. O-O f5 6. Re1 Nf6 7. exf5 e4 8. d3
Be7 9. dxe4 Qxd1 10. Rxd1 Nxe4 11. g4 g6 12. Re1 gxf5 13. Ng5 Rg8 14. Nxe4 fxe4
15. h3 h5 16. Rxe4 hxg4 17. h4 Kf7 18. Bf4 Bf5 19. Re2 Bxh4 20. Bxc7 Rae8 21.
Rxe8 Rxe8 22. Na3 b5 23. c3 Re2 24. Rd1 Bxf2+ 25. Kf1 Rxb2 26. Rd8 g3 27. Kg2
Bb6+ 28. Kf1 Bxc7 29. Ra8 Bh3+ 30. Kg1 Bb6+ 31. Kh1 Bg2# {White checkmated} 0-1

[Event "Team 45 45 League T34"]
[Site "Internet Chess Club"]
[Date "2007.08.26"]
[Round "6"]
[White "hotwater"]
[Black "Mudfrog"]
[Result "1-0"]
[WhiteElo "1462"]
[BlackElo "1484"]
[Opening "Sicilian: Hungarian variation"]
[ECO "B27"]
[Time "13:03:28"]
[TimeControl "2700+45"]

1. e4 c5 2. Nf3 g6 3. Nc3 Bg7 4. Bc4 Nc6 5. d3 Nf6 6. Bf4 d6 7. Qd2 Bd7 8. Bh6
O-O 9. h3 Na5 10. g4 Nxc4 11. dxc4 Bc6 12. Bxg7 Kxg7 13. Qf4 e5 14. Qg3 Nxe4 15.
Nxe4 Bxe4 16. O-O-O Qc7 17. g5 f6 18. Rh2 Bxf3 19. Qxf3 fxg5 20. Qg4 Rf5 21. h4
Qe7 22. h5 h6 23. hxg6 Rh8 24. Qxf5 Qf6 25. Qd7+ Kxg6 26. Rxd6 h5 27. Rxf6+
{Black resigns} 1-0

[Event "Team 45 45 League T34"]
[Site "Internet Chess Club"]
[Date "2007.08.25"]
[Round "6"]
[White "Rubacchus"]
[Black "optional"]
[Result "1-0"]
[WhiteElo "1352"]
[BlackElo "1425"]
[Opening "Ruy Lopez: Marshall counter-attack"]
[ECO "C89"]
[Time "10:03:09"]
[TimeControl "2700+45"]

1. e4 e5 2. Nf3 Nc6 3. Bb5 a6 4. Ba4 Nf6 5. O-O Be7 6. Re1 b5 7. Bb3 O-O 8. c3
d5 9. d3 Bg4 10. Nbd2 Rb8 11. h3 Be6 12. a4 d4 13. axb5 axb5 14. Nf1 b4 15. c4
Qd7 16. Ng5 h6 17. Nxe6 fxe6 18. Nh2 Qe8 19. Ba4 Ra8 20. b3 Qg6 21. Bxh6 Qxh6
22. Bxc6 Rxa1 23. Qxa1 Nh5 24. Ng4 Qf4 25. Qc1 Bh4 26. Qxf4 exf4 27. Ra1 f3 28.
g3 Bxg3 29. fxg3 Nxg3 30. Kf2 Nh5 31. Ne5 Nf4 32. Rh1 Rf6 33. h4 Rf8 34. h5 Rf6
35. Nxf3 Nxd3+ 36. Ke2 Nf4+ 37. Kf2 Nd3+ 38. Kg3 Nf4 39. Rh2 d3 40. Nd2 Ne2+ 41.
Kg4 Nf4 42. e5 Rf5 43. Be4 Rf7 44. Bxd3 Nxd3 45. Nf3 Rf4+ 46. Kg3 Rf5 47. h6
Nxe5 48. h7+ Kh8 49. Nxe5 Rxe5 50. Kf4 Rf5+ 51. Ke4 Rg5 52. Rh4 Rg6 53. Ke5 Rh6
54. Rxh6 gxh6 55. Kxe6 Kxh7 56. Kf5 Kg7 57. c5 Kh7 58. c6 Kg7 59. Ke6 h5 60. Kd7
h4 61. Kxc7 h3 62. Kd7 h2 63. c7 h1=Q 64. c8=Q Qd5+ 65. Kc7 Kf6 66. Qf8+ Ke5 67.
Qxb4 Qf7+ 68. Kc6 Qd5+ 69. Kb6 Qd8+ 70. Kc5 Qc7+ 71. Kb5 Qb7+ 72. Ka4 Qxb4+ 73.
Kxb4 Kd4 74. Kb5 Kc3 75. b4 Kb3 76. Kc5 Ka4 77. b5 Ka5 78. Kc6 Kb4 79. b6 Ka5
80. b7 Kb4 81. b8=Q+ Kc4 82. Qd6 Kc3 83. Kc5 Kb3 84. Qd4 Ka3 85. Kb5 Kb3 86.
Qc4+ Kb2 87. Kb4 Kb1 88. Kb3 {Black resigns} 1-0

[Event "Team 45 45 League T34"]
[Site "Internet Chess Club"]
[Date "2007.08.26"]
[Round "6"]
[White "bobhill"]
[Black "SuperPeon"]
[Result "1/2-1/2"]
[WhiteElo "2060"]
[BlackElo "2073"]
[Opening "King's Indian: Torre attack"]
[ECO "A48"]
[Time "22:36:20"]
[TimeControl "2700+45"]

1. d4 Nf6 2. Nf3 g6 3. Bg5 Bg7 4. Nbd2 d5 5. e3 O-O 6. Be2 h6 7. Bh4 c6 8. c4
Nbd7 9. O-O Ne4 10. cxd5 cxd5 11. Nxe4 dxe4 12. Nd2 f5 13. f3 exf3 14. Bxf3 Kh7
15. Qc2 Nf6 16. Rac1 g5 17. Bg3 Nd5 18. Nc4 b5 19. Bxd5 Qxd5 20. Ne5 Be6 21. Qc7
Bf6 22. Rc5 Qxa2 23. Nd7 Rf7 24. Qb7 Rd8 25. Nxf6+ exf6 26. Qxb5 Kg6 27. h4 Rd5
28. Qe8 Rxc5 29. dxc5 Qb3 30. Bf2 Qc4 31. b4 Kg7 32. h5 Bd7 33. Qb8 Bb5 34. Rd1
Bd7 35. Qd8 Be6 36. Qe8 Bd5 37. Bg3 Bxg2 38. Bd6 Bf3 39. Bf8+ Kh7 40. Rd4 Qa2
41. Rd2 Qc4 42. Rd4 Qa2 43. Rd2 Qc4 44. Rd4 Qa2 45. Rd2 Qc4 {Game drawn by
repetition} 1/2-1/2

[Event "Team 45 45 League T34"]
[Site "Internet Chess Club"]
[Date "2007.08.26"]
[Round "6"]
[White "backfire"]
[Black "A-Ru"]
[Result "1/2-1/2"]
[WhiteElo "1865"]
[BlackElo "1907"]
[Opening "QGD: semi-Slav"]
[ECO "D31"]
[Time "11:48:48"]
[TimeControl "2700+45"]

1. d4 e6 2. c4 d5 3. Nc3 c6 4. e3 Bd6 5. Bd3 f5 6. a3 Nf6 7. c5 Bc7 8. f4 Ne4 9.
Qh5+ g6 10. Qh6 Nd7 11. Nf3 Ndf6 12. Bxe4 Nxe4 13. Nxe4 fxe4 14. Ng5 Qe7 15. Bd2
b6 16. cxb6 axb6 17. Rc1 Kd7 18. Bb4 Bd6 19. Bxd6 Kxd6 20. O-O Ba6 21. Rfe1 Qf8
22. Qh3 Re8 23. Qg3 Qf5 24. Rc3 h6 25. Nh3 c5 26. dxc5+ bxc5 27. Rec1 Rc8 28.
Qe1 Bb5 29. Qd2 Rc6 30. Nf2 g5 31. a4 Bxa4 32. Rc4 Ra8 33. Nxe4+ Kc7 34. Ng3 Qf8
35. R4c3 d4 36. exd4 Qxf4 37. Qxf4+ gxf4 38. Ne2 Rf8 39. dxc5 e5 40. Ra3 Bb5 41.
Nc3 Bc4 42. b3 Be6 43. Nb5+ Kb8 44. b4 f3 45. gxf3 Bd5 46. Rca1 Rcf6 47. Nd6
Bxf3 48. b5 Rg6+ 49. Kf1 Bd5+ 50. Ke1 Rg2 51. Rg3 Rc2 52. Ra6 Rc1+ 53. Ke2 Rxc5
54. Rg7 Rc2+ 55. Kd3 Rxh2 {Game drawn by mutual agreement} 1/2-1/2

[Event "Team 45 45 League T34"]
[Site "Internet Chess Club"]
[Date "2007.08.26"]
[Round "6"]
[White "AntonioMendonca"]
[Black "Beetlejuice"]
[Result "1-0"]
[WhiteElo "1662"]
[BlackElo "1875"]
[Opening "Réti: King's Indian attack"]
[ECO "A08"]
[Time "06:07:36"]
[TimeControl "2700+45"]

1. Nf3 d5 2. g3 c5 3. Bg2 Nc6 4. O-O g6 5. d3 Bg7 6. c4 Nf6 7. Qc2 d4 8. Bf4 Nh5
9. Bd2 O-O 10. a3 a5 11. Be1 e5 12. Nbd2 Bh6 13. Ne4 Qe7 14. Bd2 Bxd2 15. Nexd2
Kg7 16. Rfe1 Be6 17. e3 f5 18. Nxe5 Nxe5 19. exd4 cxd4 20. Rxe5 Qd6 21. Rae1 Bc8
22. Re7+ Rf7 23. Rxf7+ Kxf7 24. c5 Qf6 25. Nc4 Ng7 26. Nd6+ Kf8 27. Qa4 Kg8 28.
Qc4+ Be6 29. Bd5 Bxd5 30. Qxd5+ Kh8 31. Qxb7 Rf8 32. Re7 f4 33. Nf7+ Kg8 34.
Nh6+ Kh8 35. Ng4 Qg5 36. Rxg7 Qh5 37. Rf7 Re8 38. Rxh7+ {Black resigns} 1-0

[Event "Team 45 45 League T34"]
[Site "Internet Chess Club"]
[Date "2007.09.02"]
[Round "6"]
[White "DavidBarnsley"]
[Black "Zebbile"]
[Result "1/2-1/2"]
[WhiteElo "2032"]
[BlackElo "2074"]
[Opening "Caro-Kann defense"]
[ECO "B15"]
[Time "15:10:21"]
[TimeControl "2700+45"]

1. e4 c6 2. d4 d5 3. Nc3 dxe4 4. Bc4 Nf6 5. f3 exf3 6. Nxf3 e6 7. O-O Bd6 8. Bg5
h6 9. Be3 Nbd7 10. Qe2 O-O 11. Rad1 Qc7 12. Kh1 b6 13. Qd2 Ng4 14. Bg1 Bb7 15.
h3 Ngf6 16. Be3 Nh5 17. Bxh6 Ng3+ 18. Kg1 gxh6 19. Qxh6 Bf4 20. Ng5 Be3+ 21. Rf2
Bxf2+ 22. Kxf2 Qf4+ 23. Kg1 Nf6 24. Bxe6 Qe3+ 25. Kh2 fxe6 {Game drawn by mutual
agreement} 1/2-1/2

[Event "Team 45 45 League T34"]
[Site "Internet Chess Club"]
[Date "2007.09.01"]
[Round "6"]
[White "Hideaway"]
[Black "jayes"]
[Result "1/2-1/2"]
[WhiteElo "1946"]
[BlackElo "1995"]
[Opening "Sicilian: Pelikan, Chelyabinsk variation"]
[ECO "B33"]
[Time "10:41:44"]
[TimeControl "2700+45"]

1. e4 c5 2. Nf3 Nc6 3. d4 cxd4 4. Nxd4 Nf6 5. Nc3 e5 6. Ndb5 d6 7. Bg5 a6 8. Na3
b5 9. Nd5 Be7 10. Bxf6 Bxf6 11. c3 O-O 12. Nc2 Bg5 13. h4 Bh6 14. a4 bxa4 15.
Rxa4 a5 16. Bb5 Ne7 17. Nxe7+ Qxe7 18. Nb4 Be6 19. Qa1 Qc7 20. Na6 Qb7 21. Bd3
Rxa6 22. Bxa6 Qxa6 23. Rxa5 Qd3 24. Qd1 Qxe4+ 25. Kf1 Bc4+ 26. Kg1 d5 27. Ra4 g6
28. h5 g5 29. b3 Qe2 30. Qxe2 Bxe2 31. f3 Bd1 32. Ra3 Rb8 33. Kf2 Bf8 34. b4 Bc2
35. g4 d4 36. Rc1 d3 37. Ke3 Rd8 38. Kd2 f5 39. Re1 fxg4 40. fxg4 e4 41. Rxe4
Bd6 42. Ra5 Bf4+ 43. Rxf4 gxf4 44. Rg5+ Kf7 45. Rf5+ Ke6 46. Rxf4 Ke5 47. Rd4
Rf8 48. Ke3 Rf1 49. b5 Rb1 50. Rb4 Rxb4 51. cxb4 h6 52. b6 d2 53. Kxd2 Be4 54.
Ke3 Bd5 55. Kd3 Bf3 56. Ke3 Bd5 57. Kd3 Kf4 58. Kd4 {Game drawn by mutual
agreement} 1/2-1/2

[Event "Team 45 45 League T34"]
[Site "Internet Chess Club"]
[Date "2007.08.26"]
[Round "6"]
[White "Boromir"]
[Black "dalfonso"]
[Result "1/2-1/2"]
[WhiteElo "1927"]
[BlackElo "1922"]
[Opening "QGD Slav: Wiesbaden variation"]
[ECO "D17"]
[Time "15:11:11"]
[TimeControl "2700+45"]

1. d4 d5 2. c4 c6 3. Nf3 Nf6 4. Nc3 dxc4 5. a4 Bf5 6. Ne5 e6 7. f3 c5 8. e4 Bg6
9. Be3 cxd4 10. Bxd4 Nc6 11. Nxc6 bxc6 12. Bxc4 Qa5 13. Qc2 Bc5 14. Qf2 Bxd4 15.
Qxd4 O-O 16. O-O Rfd8 17. Qe3 Qb4 18. b3 Nd7 19. Na2 Qa5 20. Rfd1 Ne5 21. Be2
Qb6 22. Qxb6 axb6 23. Nb4 c5 24. Nd3 Nc6 25. Nb2 Nd4 26. Bc4 Nc2 27. Rac1 Nd4
28. Kf1 Kf8 29. Nd3 Ke7 30. Nf4 f6 31. Ne2 Nxe2 32. Kxe2 Be8 33. Rxd8 Rxd8 34.
Rd1 Rxd1 35. Kxd1 Kd6 36. Kd2 Bc6 37. Ke3 {Game drawn by mutual agreement}
1/2-1/2